AoeStats
← Neymar

Lombardia

509897962Analyzed
3v3 RM · 3d ago on Sep 28, 2026· 57m 39s· 6 players
Game mode
Random Map
Map size
Normal (6 player)
Population
200
Speed
Normal
Resources
Standard
Victory
Conquest
Starting age
Dark Age
Ending age
Imperial Age
RankedLock teamsTeams togetherTeam positionsShared explorationLock speedFull tech treeHidden civsTurbo modeCheats
Victory
Defeat
🇹🇼 Varangians · Taiwan
1097
+13
🇹🇼 Vietnamese · Taiwan
1039
+16
🇹🇼 Khmer · Taiwan
1033
+16
🇺🇸 Armenians · United States
1151
-19
🇪🇸 Cumans · Spain
1097
-18
🇺🇸 Khmer · United States
853
-8
TheRealErpaco12
0:30 Loom
11:30 Feudal Age
24:02 Castle Age
22:58 Bloodlines
25:52 Forging
26:12 Horse Collar
26:20 Double-Bit Axe
26:28 Gold Mining
27:37 Scale Barding Armor
27:42 Stone Mining
29:50 Wheelbarrow
30:11 Heavy Plow
30:24 Bow Saw
31:01 Iron Casting
30:56 Hand Cart
34:50 Imperial Age
33:38 Gold Shaft Mining
33:32 Padded Archer Armor
33:54 Chain Barding Armor
33:26 Fletching
33:52 Steppe Husbandry
34:54 Leather Archer Armor
36:45 Chemistry
37:14 Plate Barding Armor
37:04 Conscription
38:36 Blast Furnace
39:27 Ballistics
38:45 Light Cavalry
39:55 Bodkin Arrow
40:07 Thumb Ring
42:02 Parthian Tactics
41:02 Elite Kipchak
42:25 Caravan
42:59 Coinage
44:03 Ring Archer Armor
45:40 Cuman Mercenaries
47:23 Hussar
48:55 Elite Steppe Lancer
53:34 Heavy Cavalry Archer
DrErChivo
0:32 Loom
11:35 Feudal Age
12:53 Double-Bit Axe
12:35 Man-at-Arms
13:34 Arson
14:22 Scale Mail Armor
13:46 Long Swordsman
21:40 Castle Age
19:54 Gold Mining
19:44 Pikeman
21:24 Forging
20:59 Horse Collar
23:44 Chain Mail Armor
24:28 Halberdier
25:34 Squires
25:55 Bow Saw
26:57 Wheelbarrow
28:32 Iron Casting
29:46 Gold Shaft Mining
30:02 Heavy Plow
29:47 Two-Handed Swordsman
32:22 Champion
36:16 Imperial Age
33:47 Town Watch
35:49 Hand Cart
36:36 Town Patrol
38:14 Plate Mail Armor
38:44 Blast Furnace
37:58 Fortified Wall
39:30 Caravan
40:16 Fereters
40:33 Conscription
42:21 Blast Furnace
42:18 Gambesons
46:11 Light Cavalry
47:01 Bloodlines
46:51 Husbandry
47:00 Scale Barding Armor
47:21 Stone Mining
50:23 Chain Barding Armor
51:02 Coinage
52:25 Ballistics
53:06 Chemistry
51:59 Fletching
52:09 Padded Archer Armor
53:56 Bodkin Arrow
53:44 Treadmill Crane
57:43 Bracer
omargarcia13
12:22 Feudal Age
11:46 Loom
14:37 Double-Bit Axe
17:44 Bloodlines
19:07 Gold Mining
19:34 Scale Barding Armor
21:33 Castle Age
21:25 Horse Collar
22:04 Forging
21:47 Pikeman
22:35 Heavy Plow
22:47 Bow Saw
23:21 Stone Mining
24:35 Iron Casting
24:05 Husbandry
27:38 Gold Shaft Mining
29:30 Chain Barding Armor
29:54 Stone Shaft Mining
29:24 Town Watch
30:30 Fortified Wall
31:06 Town Patrol
33:51 Wheelbarrow
34:09 Tusk Swords
40:26 Imperial Age
38:11 Hand Cart
42:17 Chemistry
41:38 Ballistics
41:57 Plate Barding Armor
42:23 Blast Furnace
42:08 Crop Rotation
42:14 Conscription
41:54 Double Crossbow
41:59 Heavy Scorpion
45:43 Elite Ballista Elephant
54:43 Halberdier
57:44 Scale Mail Armor
Neymar
0:33 Loom
11:41 Feudal Age
16:59 Castle Age
16:28 Double-Bit Axe
18:03 Pikeman
19:56 Bow Saw
23:36 Horse Collar
28:55 Heavy Plow
35:24 Imperial Age
33:35 Ballistics
33:54 Wheelbarrow
33:57 Padded Archer Armor
33:48 Fletching
34:21 Treadmill Crane
35:23 Leather Archer Armor
35:04 Bodkin Arrow
37:23 Chemistry
35:49 Elite Skirmisher
38:11 Two-Man Saw
37:59 Imperial Skirmisher
41:16 Ring Archer Armor
40:47 Bracer
40:47 Scale Mail Armor
40:58 Forging
41:28 Gold Mining
43:50 Thumb Ring
43:33 Elite Rattan Archer
44:32 Chain Mail Armor
44:52 Iron Casting
45:08 Hand Cart
46:51 Pikeman
47:32 Squires
47:20 Arson
49:10 Coinage
48:41 Caravan
49:00 Onager
50:53 Plate Mail Armor
51:03 Halberdier
56:33 Fortified Wall
BangBangBang
7:25 Loom
9:50 Feudal Age
15:32 Castle Age
14:17 Double-Bit Axe
14:14 Horse Collar
22:17 Bow Saw
25:47 Wheelbarrow
27:38 Hand Cart
32:39 Imperial Age
31:26 Forging
31:22 Scale Barding Armor
31:42 Town Watch
31:49 Town Watch
33:43 Siege Engineers
35:07 Iron Casting
34:33 Padded Archer Armor
34:41 Caravan
35:12 Coinage
35:32 Gold Mining
35:32 Stone Mining
36:43 Bloodlines
36:36 Heavy Plow
36:35 Arson
36:53 Scale Mail Armor
38:23 Crop Rotation
38:04 Fletching
38:53 Gold Shaft Mining
38:53 Stone Shaft Mining
38:02 Pikeman
39:12 Conscription
39:00 Double Crossbow
39:16 Husbandry
38:36 Light Cavalry
40:45 Chain Barding Armor
41:25 Blast Furnace
40:34 Hussar
41:35 Halberdier
46:04 Elite Ballista Elephant
46:20 Capped Ram
48:37 Plate Barding Armor
49:01 Ballistics
50:15 Leather Archer Armor
49:56 Bodkin Arrow
50:16 Chain Mail Armor
50:16 Siege Ram
52:27 Hoardings
53:19 Murder Holes
54:25 Chemistry
53:36 Masonry
Ronaldo
7:37 Loom
10:21 Feudal Age
14:15 Castle Age
20:35 Double-Bit Axe
23:53 Horse Collar
25:50 Bow Saw
26:51 Wheelbarrow
26:27 Scale Mail Armor
27:14 Town Watch
27:41 Squires
27:27 Arson
27:49 Heavy Plow
29:54 Gold Mining
30:35 Pikeman
32:55 Hand Cart
33:58 Chain Mail Armor
35:11 Forging
35:24 Caravan
39:29 Imperial Age
38:44 Iron Casting
38:05 Gambesons
40:00 Elite Varangian Guard
41:49 Plate Mail Armor
42:00 Town Patrol
43:02 Two-Man Saw
42:33 Crop Rotation
43:21 Blast Furnace
42:56 Ballistics
43:37 Chemistry
46:17 Gothikon
47:01 Treadmill Crane
47:12 Vendel Legacy
47:58 Husbandry
48:08 Bloodlines
48:57 Conscription
48:15 Light Cavalry
50:20 Scale Barding Armor
51:30 Chain Barding Armor
52:05 Hussar
54:31 Plate Barding Armor
Connection lost

Rejoining the realm…

Still unreachable

The connection could not be restored.

Session expired

The server has moved on; the page needs a fresh start.